 Dungeon Crawl Stone Soup version 0.32-a0-961-gd60f5e5fc7 (webtiles) character file.

Game seed: 12204395428087354239

51 Nietzsche the Chopper (level 3, -1/26 (28) HPs)
             Began as a Demonspawn Gladiator on Apr 17, 2024.
             Slain by Terence
             ... wielding the +7 Throatcutter {drain, coup de grace}
              (2 damage)
             ... on level 2 of the Dungeon.
             The game lasted 00:02:51 (1133 turns).

Nietzsche the Chopper (Demonspawn Gladiator)        Turns: 1133, Time: 00:02:53

HP:   -1/26 (28)    AC:  4    Str: 14    XL:     3   Next: 58%
MP:   3/3           EV: 11    Int: 10    God:
Gold: 23            SH:  4    Dex: 14    Spells: 2/2 levels left

rFire   . . .        a - +0 war axe
rCold   . . .        (no shield)
rNeg    . . .        b - +0 leather armour
rPois   .            c - +0 helmet
rElec   .            (no cloak)
rCorr   .            (no gloves)
SInv    .            (no boots)
Will    .....        (no amulet)
Stlth   +            (no ring)
HPRegen 0.24/turn    (no ring)
MPRegen 0.08/turn

%: no passive effects
@: wreathed by umbra, drained
A: condensation shield, foul shadow 1
a: no special abilities


You were on level 2 of the Dungeon.
You visited 1 branch of the dungeon, and saw 2 of its levels.

You collected 23 gold pieces.

Inventory:

Hand Weapons
 a - a +0 war axe (weapon)
Missiles
 d - 3 throwing nets (quivered)
 e - 5 javelins
Armour
 b - a +0 leather armour (worn)
 c - a +0 helmet (worn)
Scrolls
 f - 3 scrolls of identify {unknown}
 h - a scroll of fear {unknown}
Potions
 g - 2 potions of lignification {unknown}


   Skills:
 + Level 2.4 Fighting
 + Level 3.5 Axes
 + Level 1.8 Throwing
 + Level 0.7 Armour
 + Level 2.9 Dodging
 + Level 0.1 Shields


You had 2 spell levels left.
You didn't know any spells.
Your spell library was empty.

Dungeon Overview and Level Annotations

Branches:
Dungeon (2/15)

Altars:
Dithmenos

Annotations:
D:2 Terence


Innate Abilities, Weirdness & Mutations

A meltable shield of frost defends you. (SH +4)
You are faintly shadowed, very rarely releasing foul flame when damaged in melee.


Message History

Found three items.
Found a spear.
You see here a +0 hand axe.
h - a scroll labelled PUPUHUA HUESUM An endoplasm comes into view.
A bat comes into view.
Terence and an endoplasm come into view.
Terence is wielding the +7 Throatcutter {drain, coup de grace}.
Found 9 gold pieces.
The bat closely misses you.
You hit the endoplasm.
The endoplasm is severely wounded.
You barely miss the bat. You block the bat's attack. The endoplasm hits you.
You slash the endoplasm!
You kill the endoplasm!
You barely miss the bat. The bat hits you.
The bat is seared by the foul flame within you.
You kill the bat!
You hit Terence.
Terence is moderately wounded.
You block Terence's attack.
You barely miss Terence.
Terence is moderately wounded.
Terence hits you with the +7 Throatcutter!
You feel drained.
Terence is seared by the foul flame within you.
Terence is moderately wounded.
You are too injured to fight recklessly!
You are too injured to fight recklessly!
You are too injured to fight recklessly!
You are too injured to fight recklessly!
You are too injured to fight recklessly!
You completely miss Terence.
Terence is moderately wounded.
You block Terence's attack.
Terence hits you with the +7 Throatcutter!
* * * LOW HITPOINT WARNING * * *
You feel drained.
You die...
Terence says, "Rest in peace."

###.# #... #.# #..# ##.
#.# #..# ... #.#
#..###### .J## #.#
###.......# .....
#.####..)..###.##...#
###...................##
.†...............@......
########........@###..
#..............#
###............#
#......)####... ####
###..?.## ## ...# #?...#
##.# ##.... #.# #$###
#.#


You could see Terence and an endoplasm (asleep).

Vanquished Creatures
  Robin (D:2)
  A ball python (D:2)
  A bat (D:2)
  3 endoplasms
  10 goblins
  5 hobgoblins
  4 jackals (D:1)
  4 kobolds (D:1)
  3 quokkas
  2 frilled lizards (D:1)
  4 rats
38 creatures vanquished.

Notes
Turn   | Place    | Note
-------+----------+-------------------------------------------
     0 | D:1      | Nietzsche the Demonspawn Gladiator began the quest for the
                  | Orb.
     0 | D:1      | Reached XP level 1. HP: 16/16 MP: 1/1
    67 | D:1      | Found a faded altar of an unknown god.
   127 | D:1      | Reached skill level 3 in Axes
   250 | D:1      | Gained mutation: A meltable shield of frost defends you.
                  | (SH +4) [demonic ancestry]
   250 | D:1      | Reached XP level 2. HP: 22/22 MP: 2/2
   480 | D:1      | You fall into a shaft and drop 1 floor!
   764 | D:1      | Gained mutation: You are faintly shadowed, very rarely
                  | releasing foul flame when damaged in melee. [demonic
                  | ancestry]
   764 | D:1      | Reached XP level 3. HP: 24/28 MP: 3/3
   838 | D:1      | Found a shadowy altar of Dithmenos.
   980 | D:2      | Noticed Robin
   992 | D:2      | Killed Robin
  1127 | D:2      | Noticed Terence
  1133 | D:2      | HP: 1/27 [Terence/the +7 Throatcutter {drain, coup de
                  | grace} (9)]
  1133 | D:2      | Slain by Terence

Illustrated notes

Levels and vault maps discovered:
D:1:      dpeg_arrival_lava_altar, layout_loops_ring,
          hellmonk_ecumenical_altar_slurped_away
D:2:      layout_loops_ring, basic_altar, serial_shops,
          nicolae_shop_pleasant_corner_grove, grunt_ministairs_3, uniq_terence,
          uniq_robin

Skill      XL: |  1 |
---------------+----+-----
Axes           | 3 |  3.5
Fighting       | |  2.4
Throwing       | |  1.8
Armour         | |  0.7
Dodging        | |  2.9
Shields        | |  0.1

Action                     || total
---------------------------++-------
  Melee: War axe           ||   113
 Armour: Leather armour    ||    76
  Dodge: Dodged            ||    78
  Block: Other             ||    22

Table legend: (Time is in decaauts)
 A = Elapsed time spent in this place.
 B = Non-inter-level travel time spent in this place.
 C = Inter-level travel time spent in this place.
 D = Time resting spent in this place.
 E = Time spent auto-exploring this place.
 F = Levels seen in this place.
 G = Mean time per level.
                   A        B        C        D        E       F      G
               +--------+--------+--------+--------+--------+-----+--------+
         Total |   1170 |   1170 |      0 |      0 |    741 |   2 |  585.0 |
       Dungeon |   1170 |   1170 |      0 |      0 |    741 |   2 |  585.0 |
               +--------+--------+--------+--------+--------+-----+--------+

Top non-repeatable levels by time:
     D:1: 918 daAuts
     D:2: 252 daAuts
